 Dungeon Crawl Stone Soup version 0.20.1-1-g8b1a95d (webtiles) character file.

2247 KingStallion the Fighter (level 9, -3/75 HPs)
             Began as a Barachi Wanderer on Aug 9, 2017.
             Slain by a two-headed ogre
             ... wielding a cursed -1 giant spiked club
              (17 damage)
             ... on level 7 of the Dungeon on Aug 10, 2017.
             The game lasted 00:22:16 (5084 turns).

KingStallion the Fighter (Barachi Wanderer)         Turns: 5084, Time: 00:22:17

Health: -3/75      AC:  2    Str: 14    XL:     9   Next: 37%
Magic:  0/10       EV: 16    Int: 11    God:
Gold:   286        SH:  0    Dex: 16    Spells: 10/10 levels left

rFire    . . .     SeeInvis .   a - +2 dagger (venom)
rCold    + . .     Gourm    .   (no shield)
rNeg     . . .     Faith    .   t - -1 robe (curse)
rPois    .         Spirit   +   (no helmet)
rElec    .         Reflect  .   (no cloak)
rCorr    .         Harm     .   (no gloves)
MR       .....                  (no boots)
Stlth    +++.......             x - amulet of guardian spirit
Regen    0.3/turn               (no ring)
MPRegen  0.2/turn               (no ring)

@: drained, slow
A: +LOS, swims, cold resistance 1, shaggy fur 1, slowness 1, strong legs 1
a: Hop


You were on level 7 of the Dungeon.
You were not hungry.

You visited 1 branch of the dungeon, and saw 7 of its levels.

You collected 286 gold pieces.

Inventory:

Hand Weapons
 a - a +2 dagger of venom (weapon)
 c - a +0 short sword
 e - a +3 scythe of protection
 n - a +0 hand axe of flaming
 r - a +0 falchion
 y - a +1 whip of electrocution
 B - a +0 long sword
 F - a cursed -2 dagger
 G - a +2 dagger of draining
Missiles
 h - 7 javelins (quivered)
Armour
 m - a +3 scale mail
 t - a cursed -1 robe (worn)
 J - a +0 leather armour of fire resistance
Jewellery
 p - an uncursed amulet of faith
 x - an amulet of guardian spirit (around neck)
Wands
 o - a wand of polymorph (11/24)
 s - a wand of paralysis (8/24)
 D - a wand of polymorph (13/24)
 H - a wand of flame (21/48)
Scrolls
 i - a scroll of amnesia
 j - 3 scrolls of blinking
 k - 4 scrolls of identify
 l - 3 scrolls of recharging
 u - a scroll of enchant armour
 C - a scroll of magic mapping
Potions
 b - 4 potions of curing
 q - 4 potions of mutation
 v - 2 potions of magic
 w - a potion of heal wounds
 z - 4 potions of lignification
Books
 I - a book of Misfortune

   Spells                             Type                      Level
   a - Confusing Touch                Hexes                        1
   b - Confuse                        Hexes                        3
   c - Gell's Gravitas                Translocation                3
   d - Petrify                        Transmutation/Earth          4
   e - Metabolic Englaciation         Hexes/Ice                    5
   f - Yara's Violent Unravelling     Hexes/Transmutation          5
Comestibles
 d - 2 bread rations
 f - 3 meat rations
 g - a royal jelly
 A - 3 fruits
 E - 11 chunks of flesh


   Skills:
 + Level 8.6(8.3) Fighting
 - Level 3.2(4.6) Short Blades
 * Level 6.2(6.4) Long Blades
 + Level 0.4(0.2) Axes
 + Level 0.4(0.1) Throwing
 + Level 5.0(4.7) Armour
 + Level 6.2(5.9) Dodging
 + Level 3.9(3.6) Stealth
 + Level 2.9(2.7) Unarmed Combat
 * Level 1.3(1.0) Spellcasting
 + Level 1.1(0.8) Evocations


You had 10 spell levels left.
You didn't know any spells.

Dungeon Overview and Level Annotations

Branches:
Dungeon (7/15)
 Temple: D:4-7

Altars:
Ru

Annotations:
D:4 shugdite's ghost, amateur MiFi
D:6 appiemonkey's ghost, novice HOFi


Innate Abilities, Weirdness & Mutations

Shadows flee at your approach. (+LOS)
You can swim through water.
You cover ground slowly.
You can hop short distances.
Your flesh is cold resistant. (rC+)
You are covered in fur. (AC +1)


Message History

The two-headed ogre hits you with a giant spiked club!!
The two-headed ogre misses you.
You hit the two-headed ogre.
The two-headed ogre looks as sick as possible!
The two-headed ogre is lightly wounded.
The two-headed ogre closely misses you. The two-headed ogre misses you.
You hit the two-headed ogre.
The two-headed ogre looks as sick as possible!
The two-headed ogre is heavily wounded.
The two-headed ogre closely misses you. The two-headed ogre misses you.
The two-headed ogre hits you with a giant spiked club!!
The two-headed ogre hits you with a giant club!
* * * LOW HITPOINT WARNING * * *
You barely miss the two-headed ogre.
The two-headed ogre is severely wounded.
The two-headed ogre misses you. The two-headed ogre barely misses you.
Some of the chunks of flesh in your inventory have rotted away.
You see here 21 stones.
The two-headed ogre hits you with a giant spiked club!!
You die...

#...#
#.##########
....#
#..........#
#...#
##########.#
##..# #.#
#..# #.#
#..# #.#
#..# ##<#
##..#####
#..#
........#
#@##
......#.#
#O#
..###.#.#
#.#
..##....#
#(#
..#.....##
#.#
.........#
#.#
.).......#
#.#
.#.......#
#.#
.##.....##
#.#


You could see a two-headed ogre.

Vanquished Creatures
  Pikel (D:5)
  Grinder (D:3)
  Sigmund (D:3)
  A water moccasin (D:7)
  A swamp drake (D:7)
  3 sky beasts
  A phantom (D:5)
  An ice beast (D:5)
  A centaur (D:7)
  A big kobold (D:7)
  A bullfrog (D:7)
  Blork the orc (D:5)
  A scorpion (D:4)
  A quasit (D:5)
  2 orc priests (D:4)
  A hound (D:7)
  5 orc wizards
  An iguana (D:6)
  3 worker ants
  Terence (D:3)
  3 adders
  3 worms
  2 dart slugs
  2 leopard geckos
  12 orcs
  A ball python (D:2)
  6 bats
  2 giant cockroaches
  9 goblins
  12 hobgoblins
  6 jackals (D:2)
  11 kobolds
  2 quokkas (D:3)
  4 frilled lizards
  A leopard gecko zombie (D:6)
  8 rats
113 creatures vanquished.

Vanquished Creatures (others)
  A hound (D:5)
  An orc (D:5)
  A quokka zombie (D:5)
3 creatures vanquished.

Grand Total: 116 creatures vanquished

Notes
Turn   | Place    | Note
-------+----------+-------------------------------------------
     0 | D:1      | KingStallion the Barachi Wanderer began the quest for the Orb.
     0 | D:1      | KingStallion set off with: a +2 scale mail, a potion of curing, a +0 short sword, a bread ration
     0 | D:1      | Reached XP level 1. HP: 20/20 MP: 1/1
    46 | D:1      | Reached skill level 5 in Fighting
   213 | D:1      | Reached XP level 2. HP: 20/27 MP: 2/2
   759 | D:2      | Reached XP level 3. HP: 22/33 MP: 3/3
  1084 | D:3      | Noticed Terence
  1087 | D:3      | Reached XP level 4. HP: 39/39 MP: 4/4
  1097 | D:3      | Killed Terence
  1235 | D:3      | Noticed Grinder
  1261 | D:3      | Killed Grinder
  1261 | D:3      | Reached skill level 1 in Long Blades
  1261 | D:3      | Reached XP level 5. HP: 24/46 MP: 5/5
  1261 | D:3      | Reached XP level 6. HP: 27/52 MP: 6/6
  1294 | D:3      | Noticed a sky beast
  1417 | D:3      | Killed a sky beast
  1417 | D:3      | Reached skill level 1 in Unarmed Combat
  1499 | D:3      | Noticed Sigmund
  1528 | D:3      | Killed Sigmund
  1528 | D:3      | Reached skill level 6 in Fighting
  1528 | D:3      | Reached XP level 7. HP: 19/58 MP: 7/7
  2579 | D:4      | Gained mutation: You are covered in fur. (AC +1) [potion of mutation]
  2579 | D:4      | Gained mutation: Your flesh is cold resistant. (rC+) [potion of mutation]
  2913 | D:4      | Noticed shugdite's ghost (amateur MiFi)
  3403 | D:5      | Entered Level 5 of the Dungeon
  3448 | D:5      | Reached XP level 8. HP: 6/65 MP: 1/8
  3740 | D:5      | Noticed Blork the orc
  3755 | D:5      | Killed Blork the orc
  3881 | D:5      | Noticed Pikel
  3902 | D:5      | Killed Pikel
  3902 | D:5      | Reached skill level 7 in Fighting
  3902 | D:5      | Reached skill level 5 in Long Blades
  3902 | D:5      | Reached skill level 5 in Dodging
  4547 | D:6      | Reached skill level 8 in Fighting
  4547 | D:6      | Reached XP level 9. HP: 74/74 MP: 9/9
  4600 | D:6      | Noticed appiemonkey's ghost (novice HOFi)
  4655 | D:7      | Found a sacrificial altar of Ru.
  4660 | D:7      | Reached skill level 5 in Armour
  4889 | D:7      | Reached skill level 1 in Spellcasting
  5050 | D:7      | Noticed a two-headed ogre
  5084 | D:7      | Slain by a two-headed ogre

Skill      XL: |  1  2  3  4  5  6  7  8  9 |
---------------+----------------------------+-----
Fighting       | 5 6 8 |  8.6
Short Blades   | 3 |  3.2
Armour         | 3 4 5 |  5.0
Dodging        | 3 4 5 6 |  6.2
Long Blades    | 1 3 4 5 6 |  6.2
Unarmed Combat | 1 2 |  2.9
Stealth        | 2 3 |  3.9
Spellcasting   | 1 |  1.3
Axes           | |  0.4
Throwing       | |  0.4
Evocations     | |  1.1

Action                   |  1- 3 |  4- 6 |  7- 9 || total
-------------------------+-------+-------+-------++-------
Melee: Short sword       |    50 |       |       ||    50
       Dagger            |    73 |    69 |   208 ||   350
       Unarmed           |       |    18 |       ||    18
       Punch             |       |     1 |     1 ||     2
       Hand axe          |       |       |     7 ||     7
       Whip              |       |       |    11 ||    11
Throw: Javelin           |     2 |       |       ||     2
Evoke: Wand              |       |       |     3 ||     3
  Use: Scroll            |     8 |     4 |     2 ||    14
       Potion            |       |     1 |     5 ||     6
 Stab: Confused          |       |     2 |       ||     2
       Sleeping          |       |       |     5 ||     5
       Paralysed         |       |       |     3 ||     3
  Eat: Chunk             |     1 |     2 |     8 ||    11
       Bread ration      |       |       |     1 ||     1
Armor: Scale mail        |    70 |    23 |       ||    93
       Skin              |       |     8 |       ||     8
       Robe              |       |       |    11 ||    11
Dodge: Dodged            |    76 |    37 |   167 ||   280
